 Dungeon Crawl Stone Soup version 0.29-a0-106-g0a07039d5a (webtiles) character file.

Game seed: 18272889814429251752

20 being54 the Poker (level 2, -5/29 HPs)
             Began as a Gnoll Cinder Acolyte on Feb 16, 2022.
             Was a High Priest of Ignis.
             Slain by Terence (7 damage)
             ... on level 2 of the Dungeon.
             The game lasted 00:01:51 (719 turns).

being54 the Poker (Gnoll Cinder Acolyte)             Turns: 719, Time: 00:01:52

Health: -5/29      AC:  8    Str: 13    XL:     2   Next: 79%
Magic:  5/5        EV:  5    Int: 13    God:    Ignis [*****.]
Gold:   49         SH:  0    Dex:  7    Spells: 6/6 levels left

rFire   + . .      SeeInvis .   a - -1 spear (flame)
rCold   . . .      Faith    .   (no shield)
rNeg    . . .      Spirit   .   f - +0 chain mail
rPois   .          Reflect  .   (no helmet)
rElec   .          Harm     .   (no cloak)
rCorr   .          Rampage  .   (no gloves)
Will    .....                   (no boots)
Stlth   ..........              (no amulet)
HPRegen 0.09/turn               (no ring)
MPRegen 0.09/turn               (no ring)

@: no status effects
A: fangs 1, strong nose, distributed training
a: Renounce Religion, Fiery Armour, Foxfire Swarm, Rising Flame


You were on level 2 of the Dungeon.
You worshipped Ignis.
Ignis was extremely pleased with you.
You visited 1 branch of the dungeon, and saw 2 of its levels.

You collected 49 gold pieces.

Inventory:

Hand Weapons
 a - a -1 spear of flaming (weapon)
Missiles
 c - 27 arrows
Armour
 f - a +0 chain mail (worn)
Potions
 e - a potion of mutation {unknown}


   Skills:
 + Level 6.5 Fighting
 + Level 0.5 Short Blades
 + Level 0.5 Long Blades
 + Level 0.5 Axes
 + Level 0.5 Maces & Flails
 + Level 6.5 Polearms
 + Level 0.5 Staves
 + Level 0.5 Slings
 + Level 0.5 Bows
 + Level 0.5 Crossbows
 + Level 0.5 Throwing
 + Level 0.5 Armour
 + Level 0.5 Dodging
 + Level 0.5 Stealth
 + Level 0.5 Shields
 + Level 0.5 Unarmed Combat
 + Level 2.7 Spellcasting
 + Level 0.3 Conjurations
 + Level 0.3 Hexes
 + Level 0.3 Summonings
 + Level 0.3 Necromancy
 + Level 0.3 Translocations
 + Level 0.3 Transmutations
 + Level 5.3 Fire Magic
 + Level 0.3 Ice Magic
 + Level 0.3 Air Magic
 + Level 0.3 Earth Magic
 + Level 0.3 Poison Magic
 + Level 0.6 Invocations
 + Level 0.5 Evocations


You had 6 spell levels left.
You didn't know any spells.
Your spell library contained the following spells:

 Spells                   Type           Power      Damage    Failure   Level
 Scorch                   Fire           30%        2d6       80%         2


Dungeon Overview and Level Annotations

Branches:
Dungeon (2/15)

Altars:

Annotations:
D:2 Terence


Innate Abilities, Weirdness & Mutations

You have very sharp teeth.
Your uncanny sense of smell can sniff out nearby items.
Your experience applies equally to all skills.


Message History

You feel sick. Terence barely misses you.
You feel sick. Terence hits you with a +0 hand axe.
Things that are here:
a +2 short sword of venom; a kobold corpse You hit Terence.
You burn Terence.
Terence is moderately wounded.
You feel sick. Terence hits you with a +0 hand axe.
You barely miss Terence.
Terence is moderately wounded.
You feel sick. Terence hits you with a +0 hand axe.
You completely miss Terence.
Terence is moderately wounded.
You feel sick.
You hit Terence but do no damage.
Terence is moderately wounded.
You feel sick. Terence hits you with a +0 hand axe.
* * * LOW HITPOINT WARNING * * *
It was a potion of curing.
You feel better. Terence hits you with a +0 hand axe.
You hit Terence but do no damage. Your bite misses Terence.
Terence is moderately wounded.
Terence hits you with a +0 hand axe.
* * * LOW HITPOINT WARNING * * *
You closely miss Terence.
Terence is moderately wounded.
Terence hits you with a +0 hand axe.
* * * LOW HITPOINT WARNING * * *
You hit Terence. You burn Terence.
Terence is heavily wounded.
You hit Terence. You burn Terence. Your bite misses Terence.
Terence is severely wounded.
Terence hits you with a +0 hand axe.
* * * LOW HITPOINT WARNING * * *
You hit Terence. You burn Terence.
Terence is almost dead.
Terence hits you but does no damage.
You closely miss Terence. Your bite misses Terence.
Terence is almost dead.
Terence hits you with a +0 hand axe!
You die...

.. .# #.. ##.
.# ##..##.. ..
#.
.......###.#...
..............
........#..#.#.
...........[...
#@@#....# #
#.......# #.
#....#....
#.#..##....# #.
...........#
.....##<####
####...........
#.######.... ..
##


You could see Terence.

Vanquished Creatures
  A ball python (D:1)
  An endoplasm (D:1)
  3 giant cockroaches (D:1)
  2 hobgoblins (D:1)
  3 bats (D:1)
  3 frilled lizards (D:1)
  3 goblins (D:1)
  2 kobolds
  A rat (D:1)
19 creatures vanquished.

Notes
Turn   | Place    | Note
-------+----------+-------------------------------------------
     0 | D:1      | being54 the Gnoll Cinder Acolyte began the quest for the
                  | Orb.
     0 | D:1      | Reached XP level 1. HP: 23/23 MP: 4/4
   207 | D:1      | Reached XP level 2. HP: 29/29 MP: 5/5
   579 | D:1      | Found a faded altar of an unknown god.
   697 | D:2      | Noticed Terence
   719 | D:2      | Slain by Terence

Illustrated notes

Levels and vault maps discovered:
D:1:      minmay_arrival_stair_chambers, layout_basic,
          hellmonk_ecumenical_altar_pennies_from_heaven, minmay_pentomino_v4
D:2:      layout_basic, uniq_terence

Action                   || total
-------------------------++-------
Melee: Spear             ||    89
       Bite              ||     3
  Use: Potion            ||     1
Armor: Robe              ||    10
       Chain mail        ||     3
Dodge: Dodged            ||    31

Table legend: (Time is in decaauts)
 A = Elapsed time spent in this place.
 B = Non-inter-level travel time spent in this place.
 C = Inter-level travel time spent in this place.
 D = Time resting spent in this place.
 E = Time spent auto-exploring this place.
 F = Levels seen in this place.
 G = Mean time per level.
                   A        B        C        D        E       F      G
               +--------+--------+--------+--------+--------+-----+--------+
         Total |    701 |    688 |     13 |      0 |    547 |   2 |  350.5 |
       Dungeon |    701 |    688 |     13 |      0 |    547 |   2 |  350.5 |
               +--------+--------+--------+--------+--------+-----+--------+

Top non-repeatable levels by time:
     D:1: 682 daAuts
     D:2: 19 daAuts
